Map: Ley Lines

Players

zerg - Winner!

  • Race: Protoss Protoss
  • League: Diamond
  • Spawn Location: 7:00

SubN

  • Race: Zerg Zerg
  • League: Diamond
  • Spawn Location: 1:00

VOD

Have the link to the VOD?

Description

Time

  • Played on: July 26, 2025, 8:10 p.m.
  • Length: 9:21
Show
View Real Time Build Order
Export as new Build Order

zerg Protoss - Winner!

Build Orders: 1 Gate Expand 

Get SALT Encoding   

  12  0:00  Probe  
  13  0:12  Probe  
  14  0:18  Pylon  
  14  0:25  Probe  
  14  0:27  Pylon  
  15  0:42  Probe  
  15  0:49  Gateway  
  16  0:50  Probe  
  17  0:59  Probe  
  19  1:11  Probe  
  19  1:20  Assimilator  
  19  1:27  Nexus  
  19  1:30  Probe  
  20  1:34  Assimilator  
  20  1:45  Cybernetics Core  
  20  1:47  Probe  
  21  1:53  Pylon  
  21  1:55  Probe  
  22  2:03  Probe  
  23  2:10  Gateway  
  23  2:13  Probe  
  23  2:14  Adept  
  24  2:24  Warp Gate  
  24  2:25  Probe  
  27  2:37  Probe  
  27  2:39  Probe  
  29  2:45  Adept  
  29  2:49  Probe  
  33  2:51  Probe  
  33  3:01  Probe  
  33  3:05  Probe  
  35  3:06  Stalker  
  35  3:10  Stargate  
  35  3:13  Pylon, Probe  
  35  3:17  Probe  
  39  3:25  Probe  
  40  3:29  Probe  
  41  3:38  Probe  
  42  3:41  Probe  
  43  3:50  Probe  
  44  3:58  Probe  
  45  4:04  Gateway, Twilight Council  
  45  4:05  Gateway  
  45  4:11  Oracle  
  45  4:13  Stalker x2  
  45  4:16  Probe  
  53  4:20  Nexus  
  53  4:28  Probe  
  54  4:35  Gateway  
  54  4:38  Gateway  
  54  4:41  Pylon  
  54  4:43  Pylon  
  54  4:50  Blink  
  54  4:57  Pylon  
  54  4:59  Probe x2  
  56  5:04  Assimilator  
  56  5:07  Shield Battery  
  56  5:08  Assimilator  
  56  5:11  Probe x2  
  58  5:21  Robotics Facility  
  58  5:23  Probe x2, Robotics Facility  
  58  5:27  Forge  
  60  5:33  Probe  
  63  5:35  Probe x2  
  63  5:44  Probe  
  63  5:45  Probe  
  63  5:46  Pylon  
  63  5:47  Probe  
  63  5:49  Protoss Ground Weapons Level 1  
  66  5:52  Probe  
  67  5:57  Probe  
  67  5:58  Forge  
  67  6:02  Stalker x2  
  67  6:03  Stalker x2  
  67  6:04  Stalker  
  78  6:27  Probe x2  
  80  6:37  Probe  
  80  6:39  Probe x2  
  83  6:42  Photon Cannon  
  83  6:43  Pylon  
  83  6:44  Protoss Ground Armor Level 1  
  83  6:46  Assimilator  
  83  6:49  Probe, Robotics Bay  
  83  6:50  Observer  
  83  6:51  Immortal, Assimilator  
  89  6:58  Photon Cannon  
  89  7:03  Probe, Stalker  
  89  7:04  Stalker x2  
  96  7:14  Probe  
  97  7:16  Probe  
  97  7:17  Probe  
  99  7:27  Nexus  
  99  7:30  Probe  
  100  7:38  Colossus, Extended Thermal Lance  
  106  7:45  Pylon  
  106  7:48  Pylon  
  106  7:56  Probe  
  107  7:59  Pylon  
  107  8:03  Colossus  
  113  8:07  Pylon  
  113  8:17  Stalker x5  
  113  8:18  Stalker  
  117  8:53  Stalker  
  117  8:54  Stalker, Zealot x2  
  117  8:55  Zealot x2  
Show
View Real Time Build Order
Export as new Build Order

SubN Zerg 

Build Orders: Hatch First 

Get SALT Encoding   

  12  0:00  Drone  
  13  0:15  Overlord  
  13  0:21  Drone  
  14  0:33  Drone x2  
  16  0:49  Hatchery  
  15  0:53  Drone  
  16  0:57  Drone  
  16  1:01  Drone, Extractor  
  17  1:18  Spawning Pool  
  16  1:22  Drone  
  16  1:24  Drone  
  18  1:39  Overlord  
  18  1:45  Drone  
  19  2:04  Queen  
  19  2:05  Queen  
  19  2:07  Zergling x4  
  25  2:09  Zergling x2  
  26  2:15  Metabolic Boost  
  26  2:22  Drone x2  
  28  2:28  Drone x2  
  30  2:42  Drone x2  
  32  2:55  Drone x3  
  35  3:00  Drone  
  36  3:15  Roach Warren  
  36  3:16  Hatchery  
  34  3:20  Evolution Chamber  
  34  3:23  Lair  
  34  3:26  Drone x2  
  34  3:27  Extractor  
  34  3:28  Drone  
  34  3:32  Overlord  
  35  3:37  Overlord  
  35  3:43  Drone  
  36  4:01  Zerg Missile Weapons Level 1  
  36  4:17  Queen  
  36  4:21  Drone x9  
  47  4:24  Extractor  
  47  4:26  Extractor  
  47  4:28  Queen  
  47  4:34  Glial Reconstitution  
  47  4:36  Overlord  
  47  4:40  Overlord  
  47  4:47  Drone  
  47  4:48  Baneling Nest  
  47  4:49  Drone  
  47  4:50  Drone  
  49  4:57  Drone x4  
  49  4:59  Drone  
  54  5:00  Drone  
  55  5:10  Drone x3  
  55  5:11  Drone x3  
  61  5:22  Overlord x3  
  61  5:32  Centrifugal Hooks  
  61  5:33  Roach  
  61  5:34  Roach  
  65  5:38  Baneling  
  65  5:39  Baneling x5  
  65  5:43  Roach  
  65  5:44  Roach x3  
  65  5:47  Overseer x2  
  73  5:51  Overlord x2  
  73  6:01  Roach  
  73  6:02  Roach x4  
  83  6:09  Spore Crawler  
  83  6:10  Drone x2  
  83  6:11  Drone  
  85  6:15  Spore Crawler  
  85  6:18  Spore Crawler  
  81  6:26  Zergling x2  
  81  6:27  Zergling x18  
  81  6:32  Ravager  
  92  6:33  Ravager x4  
  92  6:37  Zerg Melee Weapons Level 1  
  96  6:43  Zergling x2  
  96  6:44  Zergling x8  
  101  6:48  Ravager x3  
  101  6:50  Zergling x2  
  101  6:51  Zergling x2  
  101  6:53  Overlord x3  
  106  7:08  Overlord x3  
  106  7:11  Extractor  
  106  7:13  Extractor  
  104  7:17  Drone x5  
  109  7:25  Hatchery  
  108  7:50  Zergling x26  
  108  7:51  Zergling x4  
  123  7:57  Infestation Pit  
  122  7:59  Drone  
  122  8:00  Drone x3  
  122  8:01  Drone x2  
  121  8:32  Zergling x2  
  121  8:33  Zergling x22  
Tags
 
Add a new tag
Caveats
  • Supply blocks, unpowered buildings, or Contaminate may cause inaccurate times.
  • Supply counts are checked every 10 seconds.